RL
ELKTON GENERALS @ OMAHA BLACKBIRDS
09/28/2059
 
TOP OF THE 1ST
Elkton Generals batting - Pitching for Omaha Blackbirds : LHP Branson Jacobs
Pitching: LHP Branson Jacobs
Batting: RHB Erik Holland 0-0: Ball
1-0: Foul Ball, location: 2F
1-1: Ball
2-1: Called Strike
2-2: SINGLE (Groundball, P, EV 88.8 MPH) (infield hit)
Batting: RHB Roland Henderson Pickoff Throw to First - Out! 1-3
0-0: Fly out, F8 (Flyball, 89M, EV 90.6 MPH)
Batting: RHB Dallin Newton 0-0: Ball
1-0: Swinging Strike
1-1: Ball
2-1: Fly out, F7 (Flyball, 78M, EV 86.9 MPH)
Top of the 1st over - 0 runs, 1 hit, 0 errors, 0 left on base; Elkton 0 - Omaha 0
BOTTOM OF THE 1ST
Omaha Blackbirds batting - Pitching for Elkton Generals : RHP Nicolas Parker
Pitching: RHP Nicolas Parker
Batting: RHB Henry Keddie 0-0: Ball
1-0: Ball
2-0: SINGLE (Groundball, 56S, EV 68.1 MPH) (infield hit)
Batting: SHB Ulisses Muacho 0-0: Ball
1-0: Called Strike
Henry Keddie steals 2nd base
1-1: Ball
2-1: SINGLE (Line Drive, 4MD, EV 94.4 MPH)
Henry Keddie to third
Batting: RHB J.C. Creamer 0-0: Swinging Strike
0-1: Swinging Strike
0-2: Ball
1-2: Ball
2-2: Strikes out swinging
Batting: SHB Quinton Welch 0-0: Ball
1-0: Foul Ball, location: 2F
1-1: Ball
2-1: Foul Ball, location: 2F
2-2: Ball
3-2: Foul Ball, location: 2F
3-2: Base on Balls
Ulisses Muacho to second
Batting: LHB Abdoul Ren 0-0: Called Strike
0-1: Called Strike
0-2: Ball
1-2: Fly out, F5 (Popup, 5SF, EV 88.1 MPH)
Batting: RHB Allen Cullin 0-0: Swinging Strike
0-1: Swinging Strike
0-2: Ball
1-2: Strikes out swinging
Bottom of the 1st over - 0 runs, 2 hits, 0 errors, 3 left on base; Elkton 0 - Omaha 0
TOP OF THE 2ND
Elkton Generals batting - Pitching for Omaha Blackbirds : LHP Branson Jacobs
Batting: SHB Kavon Almodovar 0-0: Foul Ball, location: 2F
0-1: Ball
1-1: Called Strike
1-2: Fly out, F7 (Flyball, 7LM, EV 88.1 MPH)
Batting: RHB Scott Baisley 0-0: Called Strike
0-1: Ball
1-1: Foul Ball, location: 2F
1-2: Ball
2-2: Ball
3-2: SOLO HOME RUN (Flyball, 7D, EV 96.9 MPH), Distance : 370 ft
Batting: RHB Kynan Moses 0-0: Called Strike
0-1: Ball
1-1: Ball
2-1: Ground out 3-1 (Groundball, 34, EV 85.6 MPH)
Batting: RHB Devin Boehler 0-0: SINGLE (Groundball, 13, EV 80.6 MPH) (infield hit)
Batting: LHB Devin Sneary 0-0: Called Strike
0-1: Ball
1-1: Foul Ball, location: 2F
1-2: Strikes out swinging
Top of the 2nd over - 1 run, 2 hits, 0 errors, 1 left on base; Elkton 1 - Omaha 0
BOTTOM OF THE 2ND
Omaha Blackbirds batting - Pitching for Elkton Generals : RHP Nicolas Parker
Batting: RHB Greg Stein 0-0: Foul Ball, location: 2F
0-1: Called Strike
0-2: Foul Ball, location: 2F
0-2: Strikes out swinging
Batting: RHB Brendan Hamman 0-0: Foul Ball, location: 2F
0-1: DOUBLE (Line Drive, 7LM, EV 111.9 MPH)
Pinch Runner at 2nd Marcus Hubbard:
Batting: RHB Lindy Armijo 0-0: Ball
1-0: SINGLE (Groundball, 6MD, EV 94.4 MPH)
Marcus Hubbard to third
Batting: RHB Henry Keddie 0-0: Called Strike
Lindy Armijo steals 2nd base
0-1: Ball
1-1: Foul Ball, location: 2F
1-2: Strikes out swinging
Batting: SHB Ulisses Muacho 0-0: Ball
1-0: Ball
2-0: Ball
3-0: Foul Ball, location: 2F
3-1: Base on Balls
Batting: RHB J.C. Creamer 0-0: Called Strike
0-1: Swinging Strike
0-2: Strikes out swinging
Bottom of the 2nd over - 0 runs, 2 hits, 0 errors, 3 left on base; Elkton 1 - Omaha 0
TOP OF THE 3RD
Elkton Generals batting - Pitching for Omaha Blackbirds : LHP Branson Jacobs
Now at SS: Marcus Hubbard
Batting: RHB Robbie Berecz 0-0: Ball
1-0: Fly out, F6 (Popup, 6MD, EV 50.6 MPH)
Batting: RHB Erik Holland 0-0: Called Strike
0-1: Ball
1-1: Fly out, F5 (Popup, 25F, EV 87.5 MPH)
Batting: RHB Roland Henderson 0-0: Ball
1-0: Called Strike
1-1: Foul Ball, location: 2F
1-2: Ball
2-2: Strikes out looking
Top of the 3rd over - 0 runs, 0 hits, 0 errors, 0 left on base; Elkton 1 - Omaha 0
BOTTOM OF THE 3RD
Omaha Blackbirds batting - Pitching for Elkton Generals : RHP Nicolas Parker
Batting: SHB Quinton Welch 0-0: Called Strike
0-1: Ball
1-1: Foul Ball, location: 2F
1-2: Ball
2-2: Foul Ball, location: 2F
2-2: DOUBLE (Line Drive, 7LM, EV 108.1 MPH)
Batting: LHB Abdoul Ren 0-0: Ball
1-0: Called Strike
1-1: Foul Ball, location: 2F
1-2: Strikes out swinging
Batting: RHB Allen Cullin 0-0: Called Strike
0-1: Ball
1-1: Ball
2-1: Fly out, F8 (Flyball, 78D, EV 82.5 MPH)
Batting: RHB Greg Stein 0-0: SINGLE (Line Drive, 78S, EV 95.0 MPH)
Quinton Welch to third
Batting: RHB Marcus Hubbard 0-0: Swinging Strike
0-1: Called Strike
Greg Stein steals 2nd base
0-2: Ball
1-2: Strikes out looking
Bottom of the 3rd over - 0 runs, 2 hits, 0 errors, 2 left on base; Elkton 1 - Omaha 0
TOP OF THE 4TH
Elkton Generals batting - Pitching for Omaha Blackbirds : LHP Branson Jacobs
Batting: RHB Dallin Newton 0-0: Foul Ball, location: 2F
0-1: Ground out 6-3 (Groundball, 6, EV 99.4 MPH)
Batting: SHB Kavon Almodovar 0-0: Foul Ball, location: 2F
0-1: Fly out, F2 (Popup, 25F, EV 81.2 MPH)
Batting: RHB Scott Baisley 0-0: Swinging Strike
0-1: Ball
1-1: Ball
2-1: Ball
3-1: Ground out 2-3 (Groundball, 15S, EV 70.0 MPH)
Top of the 4th over - 0 runs, 0 hits, 0 errors, 0 left on base; Elkton 1 - Omaha 0
BOTTOM OF THE 4TH
Omaha Blackbirds batting - Pitching for Elkton Generals : RHP Nicolas Parker
Batting: RHB Lindy Armijo 0-0: Swinging Strike
0-1: Swinging Strike
0-2: Ball
1-2: Ball
2-2: Strikes out looking
Batting: RHB Henry Keddie 0-0: Ball
1-0: Called Strike
1-1: Swinging Strike
1-2: Strikes out swinging
Batting: SHB Ulisses Muacho 0-0: Ball
1-0: Swinging Strike
1-1: Ball
2-1: Ball
3-1: SINGLE (Groundball, 34D, EV 98.1 MPH)
Batting: RHB J.C. Creamer 0-0: Ball
1-0: Called Strike
1-1: Foul Ball, location: 2F
1-2: SINGLE (Groundball, 34S, EV 67.5 MPH) (infield hit)
Ulisses Muacho to second
Batting: SHB Quinton Welch 0-0: Ball
1-0: Ball
2-0: Swinging Strike
2-1: Foul Ball, location: 2F
2-2: Ball
3-2: Ground out 1-3 (Groundball, 15S, EV 68.8 MPH)
Bottom of the 4th over - 0 runs, 2 hits, 0 errors, 2 left on base; Elkton 1 - Omaha 0
TOP OF THE 5TH
Elkton Generals batting - Pitching for Omaha Blackbirds : LHP Branson Jacobs
Batting: RHB Kynan Moses 0-0: Ball
1-0: Swinging Strike
1-1: Ball
2-1: Ball
3-1: Foul Ball, location: 2F
3-2: Foul Ball, location: 2F
3-2: Fly out, F9 (Flyball, 89S, EV 91.9 MPH)
Batting: RHB Devin Boehler 0-0: Ball
1-0: Foul Ball, location: 2F
1-1: Ball
2-1: Foul Ball, location: 2F
2-2: Strikes out swinging
Batting: LHB Devin Sneary 0-0: Ball
1-0: Foul Ball, location: 2F
1-1: Ball
2-1: Foul Ball, location: 2F
2-2: Ball
3-2: Base on Balls
Batting: RHB Robbie Berecz 0-0: Called Strike
0-1: Swinging Strike
0-2: Strikes out looking
Top of the 5th over - 0 runs, 0 hits, 0 errors, 1 left on base; Elkton 1 - Omaha 0
BOTTOM OF THE 5TH
Omaha Blackbirds batting - Pitching for Elkton Generals : RHP Nicolas Parker
Batting: LHB Abdoul Ren 0-0: Ball
1-0: Called Strike
1-1: Swinging Strike
1-2: Foul Ball, location: 2F
1-2: Ball
2-2: Fly out, F9 (Line Drive, 89M, EV 109.4 MPH)
Pitching: LHP Jackie Lassere
Batting: RHB Allen Cullin 0-0: Ball
1-0: DOUBLE (Flyball, 78XD, EV 98.8 MPH)
Batting: RHB Greg Stein 0-0: Swinging Strike
0-1: Foul Ball, location: 2F
0-2: 2-RUN HOME RUN (Flyball, 7D, EV 101.9 MPH), Distance : 368 ft
Batting: RHB Marcus Hubbard 0-0: Ball
1-0: Called Strike
1-1: Foul Ball, location: 2F
1-2: Ball
2-2: SINGLE (Groundball, 56D, EV 94.4 MPH)
Batting: RHB Lindy Armijo 0-0: Fly out, F3 (Popup, 3SF, EV 73.8 MPH)
Batting: RHB Henry Keddie 0-0: Ball
1-0: Foul Ball, location: 2F
1-1: Swinging Strike
1-2: Strikes out swinging
Bottom of the 5th over - 2 runs, 3 hits, 0 errors, 1 left on base; Elkton 1 - Omaha 2
TOP OF THE 6TH
Elkton Generals batting - Pitching for Omaha Blackbirds : LHP Branson Jacobs
Batting: RHB Erik Holland 0-0: Ball
1-0: Called Strike
1-1: Called Strike
1-2: Ball
2-2: Strikes out swinging
Batting: RHB Roland Henderson 0-0: Ball
1-0: Ball
2-0: DOUBLE (Line Drive, 89XD, EV 102.5 MPH)
Batting: RHB Dallin Newton 0-0: Ball
1-0: Called Strike
1-1: Called Strike
1-2: Foul Ball, location: 2F
1-2: Strikes out swinging
Pitching: RHP Cooper Romaine
Batting: SHB Kavon Almodovar 0-0: Ball
1-0: Ball
2-0: Fly out, F7 (Flyball, 7, EV 85.0 MPH)
Top of the 6th over - 0 runs, 1 hit, 0 errors, 1 left on base; Elkton 1 - Omaha 2
BOTTOM OF THE 6TH
Omaha Blackbirds batting - Pitching for Elkton Generals : LHP Jackie Lassere
Batting: SHB Ulisses Muacho 0-0: Called Strike
0-1: Ball
1-1: Ball
2-1: Foul Ball, location: 2F
2-2: Fly out, F7 (Line Drive, 78D, EV 95.6 MPH)
Batting: RHB J.C. Creamer 0-0: Ball
1-0: Ball
2-0: Swinging Strike
2-1: Ball
3-1: Base on Balls
Batting: SHB Quinton Welch 0-0: Ball
1-0: Fielders Choice at 2nd, 1-6 (Groundball, 13S, EV 70.0 MPH)
Batting: LHB Abdoul Ren 0-0: Called Strike
0-1: Foul Ball, location: 2F
0-2: Ball
1-2: Foul Ball, location: 2F
1-2: Fly out, F9 (Flyball, 89M, EV 95.6 MPH)
Bottom of the 6th over - 0 runs, 0 hits, 0 errors, 1 left on base; Elkton 1 - Omaha 2
TOP OF THE 7TH
Elkton Generals batting - Pitching for Omaha Blackbirds : RHP Cooper Romaine
Batting: RHB Scott Baisley 0-0: Foul Ball, location: 2F
0-1: Ball
1-1: Foul Ball, location: 2F
1-2: Ball
2-2: Ball
3-2: Ground out 4-3 (Groundball, 4M, EV 101.9 MPH)
Pinch Hitting: LHB Cody Parker 0-0: Foul Ball, location: 2F
0-1: Ball
1-1: Ball
2-1: Called Strike
2-2: Ball
3-2: Base on Balls
Pinch Hitting: LHB Isiah Washington 0-0: Ball
1-0: Ball
2-0: Foul Ball, location: 2F
2-1: SINGLE (Groundball, 6D, EV 95.6 MPH)
Cody Parker to second
Batting: LHB Devin Sneary 0-0: Foul Ball, location: 2F
0-1: Foul Ball, location: 2F
0-2: Strikes out swinging
Pinch Hitting: LHB Torrion Aguilar 0-0: Ball
1-0: Fielders Choice at 2nd, 6-4 (Groundball, 56, EV 86.9 MPH)
Top of the 7th over - 0 runs, 1 hit, 0 errors, 2 left on base; Elkton 1 - Omaha 2
BOTTOM OF THE 7TH
Omaha Blackbirds batting - Pitching for Elkton Generals : LHP Jackie Lassere
Now at SS: Rohan McDowell
Now in LF: Cody Parker
Now in RF: Torrion Aguilar
Batting: RHB Allen Cullin 0-0: Called Strike
0-1: Ball
1-1: Foul Ball, location: 2F
1-2: Foul Ball, location: 2F
1-2: Foul Ball, location: 2F
1-2: Ball
2-2: Fly out, F8 (Flyball, 8LD, EV 88.8 MPH)
Batting: RHB Greg Stein 0-0: Swinging Strike
0-1: Ground out 5-3 (Groundball, 5L, EV 90.0 MPH)
Batting: RHB Marcus Hubbard 0-0: Called Strike
0-1: Ground out 6-3 (Groundball, 6, EV 89.4 MPH)
Bottom of the 7th over - 0 runs, 0 hits, 0 errors, 0 left on base; Elkton 1 - Omaha 2
TOP OF THE 8TH
Elkton Generals batting - Pitching for Omaha Blackbirds : RHP Cooper Romaine
Pitching: RHP Herman Mauleon
Batting: RHB Erik Holland 0-0: Ball
1-0: Foul Ball, location: 2F
1-1: Called Strike
1-2: Strikes out looking
Batting: RHB Roland Henderson 0-0: Called Strike
0-1: Called Strike
0-2: Ball
1-2: Ball
2-2: Foul Ball, location: 2F
2-2: Ground out 4-3 (Groundball, 4, EV 90.0 MPH)
Batting: RHB Dallin Newton 0-0: Fly out, F7 (Flyball, 7S, EV 83.8 MPH)
Top of the 8th over - 0 runs, 0 hits, 0 errors, 0 left on base; Elkton 1 - Omaha 2
BOTTOM OF THE 8TH
Omaha Blackbirds batting - Pitching for Elkton Generals : LHP Jackie Lassere
Pitching: LHP Bailey Flodin
Batting: RHB Lindy Armijo 0-0: Ball
1-0: Called Strike
1-1: Foul Ball, location: 2F
1-2: Foul Ball, location: 2F
1-2: Ball
2-2: Foul Ball, location: 2F
2-2: Ball
3-2: Base on Balls
Batting: RHB Henry Keddie 0-0: Ball
1-0: Ball
2-0: Bunted foul
2-1: Sac Bunt to 3S - play at first, batter OUT! 3-1
Lindy Armijo to second
Batting: SHB Ulisses Muacho 0-0: Ground out U3 (Groundball, 34, EV 81.9 MPH)
Lindy Armijo to third
Batting: RHB J.C. Creamer 0-0: Ball
1-0: Ball
2-0: Foul Ball, location: 2F
2-1: Ball
3-1: Base on Balls
Batting: SHB Quinton Welch 0-0: Ball
1-0: Ball
2-0: DOUBLE (Line Drive, 89M, EV 96.9 MPH)
Lindy Armijo scores
J.C. Creamer to third
Runner from 3rd tries for Home, SAFE, throw by RF to home
Batting: LHB Abdoul Ren 0-0: Ground out U3 (Groundball, 3L, EV 90.0 MPH)
Bottom of the 8th over - 2 runs, 1 hit, 0 errors, 1 left on base; Elkton 1 - Omaha 4
TOP OF THE 9TH
Elkton Generals batting - Pitching for Omaha Blackbirds : RHP Herman Mauleon
Batting: SHB Kavon Almodovar 0-0: Fly out, F8 (Flyball, 8LM, EV 95.0 MPH)
Batting: RHB Scott Baisley 0-0: Ball
1-0: Fly out, F8 (Flyball, 89S, EV 81.9 MPH)
Batting: LHB Cody Parker 0-0: Swinging Strike
0-1: Foul Ball, location: 2F
0-2: Ball
1-2: Foul Ball, location: 2F
1-2: SINGLE (Line Drive, 9LS, EV 96.2 MPH)
Batting: RHB Rohan McDowell 0-0: Swinging Strike
0-1: Ball
1-1: Foul Ball, location: 2F
1-2: Strikes out swinging
Top of the 9th over - 0 runs, 1 hit, 0 errors, 1 left on base; Elkton 1 - Omaha 4
Friday, April 5th , 2024 - OOTP Baseball 23.10 Build 110